[Event "Reykjavik Open 2024"]
[Site "Reykjavik"]
[Date "2024.03.16"]
[Round "3.20"]
[White "Wong-Godfrey, Emerson P"]
[Black "Fossheim, Yngve"]
[Result "1/2-1/2"]
[ECO "B22"]
[WhiteElo "1799"]
[BlackElo "2090"]
[Annotator "RC"]
[PlyCount "109"]
[EventDate "2024.03.12"]
[EventCountry "ISL"]
[SourceTitle "playchess.com"]
[Source "ChessBase"]
[SourceQuality "1"]
[TimeControl "40/5400+30:1800+30"]

1. e4 c5 2. c3 d5 3. exd5 Qxd5 4. d4 Nc6 5. Nf3 Bg4 6. Be2 cxd4 7. cxd4 e6 8. O-O Nf6 9. Nc3 Qa5 10. h3 Bh5 11. Bd2 Bd6 12. Rc1 O-O 13. Ne4 Qd8 14. Nxf6+ gxf6 15. Bc3 Ne7 16. Nh2 Bxe2 17. Qxe2 Bxh2+ 18. Kxh2 Nd5 19. Bd2 Qd6+ 20. g3 Kh8 21. Qh5 Qd7 22. Qf3 Rg8 23. Rc5 Rg6 24. Rfc1 Rag8 25. h4 Qd6 26. h5 Rg4 27. Rc8 f5 28. Bh6 Qd7 29. Rxg8+ Rxg8 30. Qe2 Qd6 31. Qe5+ Qxe5 32. dxe5 Re8 33. Bg5 Kg7 34. a4 Rb8 35. Kg2 Kf8 36. Kf3 Ke8 37. Be3 a6 38. a5 Kd7 39. Rc4 Rc8 40. Rxc8 Kxc8 41. Bd2 Kd7 42. g4 f6 43. gxf5 exf5 44. exf6 Nxf6 45. Kf4 Ke6 46. h6 Ng4 47. Kg3 Kf6 48. f3 Ne5 49. Bc3 Ke6 50. Bxe5 Kxe5 51. b3 Kf6 52. Kf4 Kg6 53. Ke5 Kxh6 54. Kxf5 Kg7 55. Ke6 1/2-1/2

[Event "Reykjavik Open 2024"]
[Site "Reykjavik"]
[Date "2024.03.16"]
[Round "3.21"]
[White "Harish, Neeraj"]
[Black "Hermannsson, Sigurbjorn"]
[Result "1-0"]
[ECO "B90"]
[WhiteElo "2090"]
[BlackElo "1791"]
[Annotator "NA RC"]
[PlyCount "95"]
[EventDate "2024.03.12"]
[EventCountry "ISL"]
[SourceTitle "playchess.com"]
[Source "ChessBase"]
[SourceQuality "1"]
[TimeControl "40/5400+30:1800+30"]

1. e4 c5 2. Nf3 d6 3. d4 cxd4 4. Nxd4 Nf6 5. Nc3 a6 6. Bd3 e5 7. Nde2 Be6 8. O-O h5 9. f4 Ng4 10. Qe1 Be7 11. f5 Bd7 12. Nd5 Bc6 13. Nec3 Nd7 14. a4 Bxd5 15. Nxd5 Ndf6 16. Nxe7 Qb6+ 17. Kh1 Kxe7 18. Bg5 Rh7 19. Ra3 h4 20. Rb3 Qc6 21. Qb4 Rb8 22. Rc3 Qd7 23. Be2 Kf8 24. Bxf6 Nxf6 25. Rd1 Rd8 26. Rcd3 Ne8 27. Rd5 Rh6 28. c4 Qe7 29. Qa3 Kg8 30. c5 Qg5 31. Qd3 Nc7 32. Rxd6 Rhxd6 33. cxd6 Ne8 34. d7 Nf6 35. Qc4 Nxd7 36. Qc7 Qe7 37. f6 gxf6 38. Bg4 f5 39. Bxf5 Kh8 40. Rxd7 Rxd7 41. Qxd7 Qc5 42. Qd8+ Kg7 43. Qg5+ Kf8 44. Qh6+ Ke8 45. Qh8+ Ke7 46. Qxh4+ Ke8 47. Qe1 Qc2 48. h4 1-0

[Event "Reykjavik Open 2024"]
[Site "Reykjavik"]
[Date "2024.03.16"]
[Round "3.22"]
[White "Hu, Zhening"]
[Black "Manucharyan, Andriy"]
[Result "0-1"]
[ECO "E21"]
[WhiteElo "1776"]
[BlackElo "2080"]
[Annotator "RC"]
[PlyCount "124"]
[EventDate "2024.03.12"]
[EventCountry "ISL"]
[SourceTitle "playchess.com"]
[Source "ChessBase"]
[SourceQuality "1"]
[TimeControl "40/5400+30:1800+30"]

1. d4 Nf6 2. c4 e6 3. Nc3 Bb4 4. Bd2 b6 5. Nf3 O-O 6. e3 Bb7 7. Bd3 Bxc3 8. Bxc3 Ne4 9. Bb4 d6 10. O-O f5 11. Qe2 Rf6 12. Nd2 Rh6 13. g3 Nd7 14. f3 Ng5 15. Bc3 Nh3+ 16. Kh1 Qg5 17. e4 f4 18. g4 e5 19. d5 Qg6 20. b4 Ng5 21. Rf2 Rh3 22. Rg2 Rf8 23. Qf2 Nf6 24. Re1 Kf7 25. Reg1 Rh8 26. c5 Bxd5 27. Qe2 Be6 28. Bc4 Nd7 29. Rd1 bxc5 30. Rf2 h5 31. Bxe6+ Nxe6 32. Rg1 hxg4 33. Rxg4 Qh5 34. bxc5 Ndxc5 35. Nf1 Rb8 36. Nd2 Kf8 37. Rfg2 g5 38. Qc4 Qf7 39. Qd5 Qe7 40. Rg1 Nd7 41. Qa5 Nb6 42. R4g2 Qh7 43. Bb4 c5 44. Bc3 g4 45. fxg4 Rb7 46. Re2 Rg7 47. Nf1 Ng5 48. Bxe5 dxe5 49. Qxc5+ Re7 50. Qc6 Rh6 51. Qc3 Nxe4 52. Qb4 Nd6 53. g5 Rhe6 54. Nd2 Qd3 55. Rf2 Qd5+ 56. Rgg2 Nbc4 57. Qb3 Kg7 58. Nxc4 Qxc4 59. Qf3 Nf5 60. Rc2 Qa6 61. Qh5 Ne3 62. g6 Rxg6 0-1

[Event "Reykjavik Open 2024"]
[Site "Reykjavik"]
[Date "2024.03.16"]
[Round "3.23"]
[White "Osorio Ferrer, Roberto Eduardo"]
[Black "Beisteiner, Joachim"]
[Result "0-1"]
[ECO "C68"]
[WhiteElo "1776"]
[BlackElo "2079"]
[Annotator "RC"]
[PlyCount "138"]
[EventDate "2024.03.12"]
[EventCountry "ISL"]
[SourceTitle "playchess.com"]
[Source "ChessBase"]
[SourceQuality "1"]
[TimeControl "40/5400+30:1800+30"]

1. e4 e5 2. Nf3 Nc6 3. Bb5 a6 4. Bxc6 dxc6 5. Nc3 f6 6. d4 exd4 7. Qxd4 Qxd4 8. Nxd4 Bd7 9. Be3 O-O-O 10. O-O-O Ne7 11. Nb3 b6 12. Nd4 Ng6 13. Nf5 Ne5 14. f3 h5 15. h4 g6 16. Nd4 Bd6 17. b3 Kb7 18. Kb2 Rhf8 19. Rd2 Bc8 20. Rhd1 Be7 21. Nde2 Rxd2 22. Rxd2 Be6 23. Nd4 Bf7 24. Bf4 Bd6 25. Be3 Rg8 26. Na4 Bb4 27. Nc3 Re8 28. a3 Be7 29. Bf4 Bd6 30. Bh6 a5 31. a4 Rg8 32. Be3 Bc5 33. Rd1 Bb4 34. Nde2 Kc8 35. Na2 Be7 36. Bf4 Bd6 37. Be3 Rd8 38. Nac3 Bb4 39. Rxd8+ Kxd8 40. Nd4 Kd7 41. Bf4 Bd6 42. Bh6 Bc5 43. Nde2 Ke7 44. Ka2 Be8 45. Bf4 Bd6 46. Bc1 b5 47. axb5 cxb5 48. Nd5+ Kf7 49. Bb2 c6 50. Nxf6 Kxf6 51. f4 Ke6 52. Nd4+ Kd7 53. fxe5 Bxe5 54. Nf3 Bc7 55. Bd4 Bd8 56. Kb2 Kd6 57. Be5+ Kd7 58. Bd4 Ke6 59. Ng5+ Kd6 60. Nf3 c5 61. Be5+ Ke6 62. Bg7 Bc6 63. Ng5+ Ke7 64. c3 Bc7 65. Bf8+ Kxf8 66. Ne6+ Ke7 67. Nxc7 Kd6 68. Na6 Bxe4 69. g3 Bb7 0-1

[Event "Reykjavik Open 2024"]
[Site "Reykjavik"]
[Date "2024.03.16"]
[Round "3.24"]
[White "Barthel, Ansgar"]
[Black "Winnubst, Paul"]
[Result "1-0"]
[ECO "B33"]
[WhiteElo "2073"]
[BlackElo "1681"]
[Annotator "RC"]
[PlyCount "113"]
[EventDate "2024.03.12"]
[EventCountry "ISL"]
[SourceTitle "playchess.com"]
[Source "ChessBase"]
[SourceQuality "1"]
[TimeControl "40/5400+30:1800+30"]

1. e4 c5 2. Nf3 e6 3. d4 cxd4 4. Nxd4 Nf6 5. Nc3 Nc6 6. Ndb5 d6 7. Bf4 e5 8. Bg5 a6 9. Na3 b5 10. Bxf6 gxf6 11. Nd5 Be6 12. c3 Bg7 13. Nc2 O-O 14. Nce3 Rc8 15. a4 Rb8 16. axb5 axb5 17. Ra6 Bxd5 18. Nxd5 Ne7 19. Nxf6+ Bxf6 20. Rxd6 Qa5 21. Rxf6 b4 22. Ra6 Qc5 23. Qd6 Qxd6 24. Rxd6 Rfc8 25. Ba6 Rc7 26. O-O bxc3 27. bxc3 Rxc3 28. Rfd1 Rb2 29. R6d2 Rb4 30. f3 Ng6 31. Bf1 Kg7 32. Ra1 Rcb3 33. Ra7 Rb7 34. Rd7 Rxd7 35. Rxd7 Rb1 36. g3 h6 37. h4 Nf8 38. Rd5 f6 39. Rd6 Rc1 40. Kf2 Rc2+ 41. Ke3 Rc1 42. Be2 Rg1 43. Kf2 Rc1 44. Ra6 Rc7 45. Bb5 Ng6 46. Rd6 Nf8 47. Be8 Rc2+ 48. Kf1 Rc3 49. Kg2 Rc2+ 50. Kh3 Rc3 51. Kg4 Re3 52. Ra6 Re1 53. Ra7+ Kg8 54. Bf7+ Kh8 55. Kh5 Rg1 56. Kxh6 Rxg3 57. Ra8 1-0

[Event "Reykjavik Open 2024"]
[Site "Reykjavik"]
[Date "2024.03.16"]
[Round "3.25"]
[White "Ptacnikova, Lenka"]
[Black "Atharva M Parulekar"]
[Result "1-0"]
[ECO "B13"]
[WhiteElo "2067"]
[BlackElo "1580"]
[Annotator "NA RC"]
[PlyCount "71"]
[EventDate "2024.03.12"]
[EventCountry "ISL"]
[SourceTitle "playchess.com"]
[Source "ChessBase"]
[SourceQuality "1"]
[TimeControl "40/5400+30:1800+30"]

1. d4 d5 2. Nc3 Nf6 3. Bf4 c5 4. e3 cxd4 5. exd4 a6 6. Nf3 Bg4 7. h3 Bh5 8. g4 Bg6 9. Ne5 e6 10. h4 h6 11. Nxg6 fxg6 12. Qd3 Kf7 13. O-O-O Bb4 14. Kb1 Nbd7 15. f3 Rc8 16. Ne2 Nh7 17. h5 Ndf8 18. Be5 g5 19. f4 Be7 20. Bg2 Bf6 21. f5 Qd7 22. Nc3 Rd8 23. Rhf1 Kg8 24. Qf3 Qc6 25. fxe6 Nxe6 26. Nxd5 Nf4 27. Bxf4 gxf4 28. Ne7+ Bxe7 29. Qb3+ Kf8 30. Bxc6 bxc6 31. Rxf4+ Nf6 32. c3 Bd6 33. Rf5 Rb8 34. Qe6 Be7 35. Re1 Re8 36. Kc2 1-0

[Event "Reykjavik Open 2024"]
[Site "Reykjavik"]
[Date "2024.03.16"]
[Round "3.26"]
[White "Ivanchuk, Vasyl"]
[Black "Stelmaszyk, Nico"]
[Result "1-0"]
[ECO "D10"]
[WhiteElo "2625"]
[BlackElo "2347"]
[Annotator "TA"]
[PlyCount "157"]
[EventDate "2024.03.12"]
[EventCountry "ISL"]
[SourceTitle "playchess.com"]
[Source "ChessBase"]
[SourceQuality "1"]
[TimeControl "40/5400+30:1800+30"]

1. d4 d5 2. c4 dxc4 3. e4 b5 4. a4 c6 5. Nc3 b4 6. Na2 e6 {[%emt 0:03:13] D10: Damengambit (Slawische Verteidigung).} 7. Bxc4 Nf6 8. f3 c5 9. Ne2 Be7 $146 ({Predecessor:} 9... Ba6 10. Bxa6 Nxa6 11. Be3 cxd4 12. Nxd4 Bc5 13. Qe2 O-O 14. Qxa6 Bxd4 15. Rd1 Qb6 16. Qxb6 Bxb6 17. Ke2 Rfb8 18. Bf4 Rc8 19. Nxb4 Rc4 20. Bd2 a5 21. Nd3 {1-0 Gunkel,W (2133)-Sanchez Carol,J (2019) ESP-GER email 2008 [26]}) 10. Be3 Ba6 11. Bb5+ Bxb5 12. axb5 Qb6 13. dxc5 Qxb5 14. Nd4 Qa5 15. Nc3 Qxc5 16. Ncb5 Qb6 17. Rc1 O-O 18. Nc7 Nbd7 19. Nxa8 Rxa8 20. Rc6 Qb7 21. Rc2 Bc5 22. Qe2 Qb6 23. Rd2 a5 24. Kf2 a4 25. Rc1 h6 26. Nc2 a3 27. bxa3 bxa3 28. Ne1 a2 29. Ra1 Ra3 30. Bxc5 $1 Qxc5+ 31. Kf1 Qe5 (31... Re3 $6 32. Qf2 $18) 32. Rdxa2 (32. Raxa2 Rxa2 33. Rxa2 Qxh2 $11) 32... Rxa2 33. Rxa2 Qxh2 34. Nd3 Ne5 35. Nxe5 Qxe5 36. Qb2 Qf4 (36... Qh2 {wäre vielleicht verwirrender.} 37. Qb7 Nh5 38. Ra7 Qf4) 37. Qd2 Qc7 38. Kg1 Qc5+ 39. Qf2 Qc1+ 40. Kh2 g6 41. g3 Kg7 42. Kg2 Qg5 43. Qd2 Qe5 44. Ra5 Qc7 45. Rb5 Nh5 46. e5 g5 47. Qd3 Qc6 48. Kh2 Qa6 49. Qe2 Qa3 50. Qf2 (50. Rb1 $142 $1) 50... Qd3 $16 51. Rb4 Kg6 52. Rb2 Ng7 53. g4 h5 54. Qc2 (54. Rc2 {hält die Spannung aufrecht.} hxg4 55. fxg4 f5 56. exf6 Qd6+ 57. Kh3) 54... Qxc2+ 55. Rxc2 f6 56. exf6 Kxf6 57. Kg3 h4+ (57... hxg4 $16 {war nötig.} 58. Kxg4 Nf5) 58. Kf2 $1 $18 Ne8 $2 (58... e5 59. Ke3 Ne6) 59. Rc6 $1 $18 Ke5 60. Rc5+ Kf4 61. Rc4+ Ke5 {[%emt 0:00:06] [#]} 62. f4+ $1 gxf4 63. Kf3 Kf6 64. Rxf4+ (64. Kxf4 e5+ 65. Kf3 Ng7 $18) 64... Kg5 {[%emt 0:00:09] [#]} 65. Re4 $1 Kf6 66. Kg2 Kg5 67. Kf3 (67. Rxe6 Nf6 $11) (67. Ra4 $18 e5 68. Kh3) 67... Kf6 $1 68. Kf4 Ng7 69. Re5 (69. g5+ $142 Kf7 70. Kf3 Kg6 71. Kg4 (71. Rxh4 Kxg5 72. Rh8 Nf5 $14) 71... h3 72. Re2 (72. Kxh3 Kxg5 73. Rg4+ Kf6 $11) 72... e5 73. Rf2 (73. Rxe5 h2 $11) 73... Nh5 74. Rd2 (74. Kxh3 Kxg5 75. Rg2+ Kf5 $11)) 69... Kg6 70. Ra5 Kh6 71. Kf3 Kg6 72. Kg2 Kf6 73. Kh3 e5 74. Kxh4 Ne6 75. Ra6 e4 76. Kg3 Ke5 77. Ra5+ Kd4 78. g5 e3 79. g6 1-0

[Event "Reykjavik Open 2024"]
[Site "Reykjavik"]
[Date "2024.03.16"]
[Round "3.27"]
[White "Moussard, Jules"]
[Black "Ragnarsson, Dagur"]
[Result "1-0"]
[ECO "D12"]
[WhiteElo "2621"]
[BlackElo "2337"]
[Annotator "TA"]
[PlyCount "45"]
[EventDate "2024.03.12"]
[EventCountry "ISL"]
[SourceTitle "playchess.com"]
[Source "ChessBase"]
[SourceQuality "1"]
[TimeControl "40/5400+30:1800+30"]

1. c4 c6 2. Nf3 d5 3. e3 Nf6 4. d4 Bf5 5. Nc3 e6 6. Nh4 Bg6 7. Be2 Nbd7 8. O-O Bd6 9. g3 {[%emt 0:06:12] The position is equal.} dxc4 10. Nxg6 hxg6 11. Bxc4 Qa5 12. e4 {[%emt 0:11:55] Hoping for e5.} b5 13. Bd3 {[%emt 0:01:48] Strongly threatening e5.} b4 14. Nb1 {[%emt 0:03:31][%cal Bc3b1,Bb1d2,Bd2c4,Bc4e5][%mdl 32] Black must now prevent e5.} e5 15. Nd2 exd4 {[%emt 0:04:34] [#]} 16. Nc4 {[%emt 0:00:18] Inhibits Ne5.} Qc5 17. Bd2 {[%emt 0:04:06] Threatens to win with Re1.} Be7 18. Re1 {[%emt 0:05:09] e5 would now be deadly.} Ne5 {[%emt 0:14:07] [#] Loses the game.} (18... Qh5 $16 19. Qxh5 gxh5) 19. Bxb4 $1 $18 Qxb4 20. Nxe5 Qc5 {[%emt 0:19:49] [#]} (20... Nd7 {might work better.}) 21. Qa4 $1 Kf8 (21... O-O 22. Nxc6) 22. f4 {[%emt 0:02:59][%cal Oa4b3] aiming for Qb3!} ({Don't play} 22. Qxc6 Re8 $18) 22... Rc8 $2 (22... Rh5 23. Rec1 (23. Qxc6 Qxc6 24. Nxc6 Rc5 $18) (23. Nxc6 Ng4 $18) 23... Rxe5 24. Rxc5 (24. fxe5 Qxe5 25. Rxc6 Qg5 $16) 24... Rxc5) 23. Qb3 {[%emt 0:00:28] Weighted Error Value: White=0.04 (flawless) /Black=0.26 (precise) .  Mistake:       	---       	Black=3      Inaccurate:     	---       	Black=1      OK:         	White=8     	Black=5      Best:        	White=2     	---        Brilliant:      	White=1     	---} 1-0

[Event "Reykjavik Open 2024"]
[Site "Reykjavik"]
[Date "2024.03.16"]
[Round "3.28"]
[White "Cieslak, Patryk"]
[Black "Cornette, Matthieu"]
[Result "1-0"]
[ECO "B32"]
[WhiteElo "2325"]
[BlackElo "2575"]
[Annotator "TA"]
[PlyCount "135"]
[EventDate "2024.03.12"]
[EventCountry "ISL"]
[SourceTitle "playchess.com"]
[Source "ChessBase"]
[SourceQuality "1"]
[TimeControl "40/5400+30:1800+30"]

1. e4 c5 2. Nf3 Nc6 3. d4 cxd4 4. Nxd4 e5 5. Nb5 d6 6. c4 g6 {[%emt 0:01:13] B32: Sizilianisch (Löwenthal-Variante).} 7. N1c3 a6 8. Na3 Be6 9. Be3 Bg7 10. Nc2 Nf6 11. Be2 Rc8 12. O-O O-O 13. Rc1 {[%emt 0:06:11] 13.b3 wird beliebter.} Ne7 14. Na3 Nc6 15. Nc2 Na5 16. b3 b5 17. Nd5 Bxd5 18. exd5 bxc4 19. b4 Nb7 20. Na3 a5 21. b5 c3 22. Nc4 Nd7 $146 ({Predecessor:} 22... Ng4 23. Bb6 Qh4 24. h3 Rxc4 25. Bxc4 Nxf2 26. Rxf2 Qxc4 27. Qe2 Rc8 28. Qxc4 Rxc4 29. Rfc2 e4 30. Bf2 Rb4 {0-1 Djukic,N (2514)-Perunovic,M (2554) Belgrade Gligoric Trophy KO rapid 2023 (2.1)}) 23. Rxc3 f5 24. Rc1 f4 25. Bd2 Nf6 (25... e4 26. Bg4 $16) 26. Qe1 Ra8 27. a4 Ne4 28. b6 Nec5 29. Nxa5 ({Viel schlechter ist} 29. Bxa5 Nxa5 (29... Nxa4 30. Ra1 $16) 30. Nxa5 Qxb6 $15) 29... Qxb6 30. Nxb7 Qxb7 31. Bb5 f3 32. gxf3 Qc8 (32... Qxd5 $2 33. Bc4 $18) (32... Rxf3 33. Bc6 Qa6 34. Bxa8 Qxa8 35. Qe2 $16) 33. Qe3 (33. Qe2 {scheint wilder zu sein.} Qh3 34. Rxc5 dxc5 35. d6) 33... Rf4 (33... Qh3 $11 34. Rxc5 dxc5) 34. Qe2 (34. Rxc5 $1 $14 dxc5 35. d6) 34... Rh4 $11 35. Rc4 $1 Qh3 36. Rxh4 Qxh4 37. Qe3 e4 $1 38. Qg5 Qxg5+ 39. Bxg5 exf3 40. Bf4 Nxa4 41. Bc6 Ra6 42. Bxd6 Nc3 43. Bc7 Ne2+ 44. Kh1 Nd4 45. Bd7 Ra7 46. d6 Be5 47. Bc8 Ra4 48. Rd1 Nb5 49. Bd7 Rb4 $2 (49... Rd4 $1 $11 {und Schwarz ist OK.} 50. Rxd4 Nxd4) 50. Ba5 $18 Rd4 51. Re1 Bxd6 52. Bxb5 Rh4 53. Bc6 Rxh2+ 54. Kg1 Rg2+ $2 (54... Rh5 {ist wohl besser.}) 55. Kf1 $18 Bc5 56. Re2 (56. Bxf3 $2 {zu gefräßig.} Rxf2+ 57. Kg1 Rxf3+ 58. Kg2 Rf2+ 59. Kh3 h5 $19) 56... fxe2+ $2 (56... Rg5) 57. Kxg2 $18 Bd4 58. Bf3 Kg7 59. Bxe2 Kf6 60. Bd8+ Kg7 61. Kg3 Be5+ 62. Kf3 Bd4 63. Bg5 h5 (63... Bb6 $142 64. Be3 Bc7) 64. Be3 $18 Bf6 65. Ke4 (65. Kf4 $142 Kf7 66. Bb6) 65... Kh7 (65... Bd8 $142 66. f4 Bf6) 66. Kd5 $18 Be7 67. Ke6 Bb4 68. Kf7 1-0

[Event "Reykjavik Open 2024"]
[Site "Reykjavik"]
[Date "2024.03.16"]
[Round "3.29"]
[White "Pultinevicius, Paulius"]
[Black "Mendes Aaron Reeve"]
[Result "1-0"]
[ECO "A07"]
[WhiteElo "2575"]
[BlackElo "2309"]
[Annotator "TA"]
[PlyCount "73"]
[EventDate "2024.03.12"]
[EventCountry "ISL"]
[SourceTitle "playchess.com"]
[Source "ChessBase"]
[SourceQuality "1"]
[TimeControl "40/5400+30:1800+30"]

1. Nf3 d5 2. g3 Nd7 3. Bg2 e5 4. d3 Ngf6 5. O-O Bd6 6. Nc3 c6 7. e4 d4 8. Ne2 {[%emt 0:00:09] The position is equal.} O-O 9. Ne1 c5 10. h3 Qc7 11. f4 b6 12. f5 (12. c3 $11) 12... Ne8 (12... c4 $15) 13. g4 $11 f6 14. h4 Be7 15. g5 fxg5 {[%emt 0:03:13] Black is now going downhill.} (15... Nd6 $14) 16. hxg5 $16 Qd8 17. Nf3 Ba6 (17... c4 $16) 18. Rf2 Nd6 {[%emt 0:03:52] [#]} 19. Bf1 ({White should try} 19. Bh3 $1 $18) 19... Qe8 20. Ng3 Rc8 (20... g6 {keeps fighting.} 21. Bh3 Rf7) 21. b3 Bd8 (21... Rf7 $142 22. Bh3 Rf8) 22. Nh4 b5 23. a4 Bb7 24. Be2 {[%emt 0:02:04] Threatens to win with Bh5.} Bb6 $2 (24... g6 {is a better defense.} 25. axb5 Kg7 26. Rxa7 c4 27. bxc4 Bb6) 25. axb5 Nxb5 (25... g6 $142 26. Bg4 Bc7) 26. Bh5 $18 Qd8 27. Qg4 {[%emt 0:00:11] Strongly threatening f6.} Rc6 28. f6 Nd6 29. Ngf5 Nxf5 30. Nxf5 g6 {[%emt 0:02:41] [#]} 31. Bxg6 $1 hxg6 32. Nh6+ Kh7 33. Qh4 {[%emt 0:00:04][%cal Oa1a7] Rxa7! is the strong threat.} Qc7 34. Nf7+ {[%emt 0:00:08] White mates.} Kg8 35. Qh8+ Kxf7 36. Qh7+ Ke6 37. Qe7# {[%emt 0:00:06] Weighted Error Value: White=0.24 (precise) /Black=0.96.  Mistake:       	White=2     	Black=7      Inaccurate:     	White=1     	Black=3      OK:         	White=7     	Black=3      Best:        	White=1     	---} 1-0

[Event "Reykjavik Open 2024"]
[Site "Reykjavik"]
[Date "2024.03.16"]
[Round "3.30"]
[White "Galperin, Platon"]
[Black "Papadiamandis, Elliot"]
[Result "1/2-1/2"]
[ECO "B22"]
[WhiteElo "2555"]
[BlackElo "2302"]
[Annotator "TA"]
[PlyCount "73"]
[EventDate "2024.03.12"]
[EventCountry "ISL"]
[SourceTitle "playchess.com"]
[Source "ChessBase"]
[SourceQuality "1"]
[TimeControl "40/5400+30:1800+30"]

1. e4 c5 2. c3 Nf6 3. e5 Nd5 4. Nf3 e6 5. a3 d6 6. d4 Nc6 7. c4 Nc7 8. dxc5 dxe5 9. Qxd8+ Nxd8 10. Be3 f6 (10... e4 $1 $11 {might be stronger.} 11. Nfd2 f5) 11. Nc3 $16 Bd7 12. b4 $36 {[%emt 0:07:37][%mdl 2048] Keeping Black busy.} Nf7 13. Be2 Be7 14. Nd2 f5 15. Nb3 O-O 16. O-O-O Rfd8 17. Na5 {[%emt 0:02:02] White is much more active.} Rab8 {[%emt 0:00:46] [#]} (17... Bc6 $16 18. b5 Rxd1+ 19. Kxd1 (19. Rxd1 Bxg2 20. f3 e4 $16) 19... Bxg2) 18. c6 $1 Bxc6 19. Bxa7 Rbc8 20. Nxc6 bxc6 21. Bb6 e4 22. Kb2 Kf8 23. Kb3 Ne5 24. Rxd8+ Bxd8 25. Rd1 {[%emt 0:00:11][%cal Od1d8] Prevents Nd7. Strongly threatening Rxd8+!} Ke8 26. a4 Nd7 {[%emt 0:02:55] [#]} 27. a5 Rb8 28. Na4 c5 29. b5 (29. bxc5 Na6 30. f3 Ndxc5+ 31. Nxc5 Nxc5+ 32. Kb4 Bxb6 (32... exf3 $2 33. Rxd8+ Rxd8 34. Bxf3 $18) 33. axb6 Nd7) (29. Bxc5 Nxc5+ 30. Nxc5 Be7 $18) (29. Nxc5 Nxb6 30. axb6 Rxb6 $18) 29... Nxb6 30. axb6 Na8 31. Nxc5 Bxb6 32. Nxe6 Kf7 33. Rd6 {[%emt 0:05:09] And now c5 would win.} Bxf2 34. c5 Ke7 35. Ra6 g6 36. Kc4 $2 ({Better is} 36. Rc6 $18) 36... Nb6+ $1 $11 37. Rxb6 {[%emt 0:05:09] Weighted Error Value: White=0.22 (precise) /Black=0.19 (very precise) .  Missed win:     	White=1     	---        Mistake:       	---       	Black=2      Inaccurate:     	White=2     	Black=1      OK:         	White=19    	Black=7      Best:        	White=2     	Black=1      Strong:       	---       	Black=1} (37. cxb6 $2 {loses.} Kxe6 38. Ra7 (38. b7+ $2 Ke5 $19) 38... h5 $17 (38... Rxb6 39. Rxh7 Rd6 40. Kb3 $17)) 1/2-1/2

[Event "Reykjavik Open 2024"]
[Site "Reykjavik"]
[Date "2024.03.16"]
[Round "3.31"]
[White "Bjornsson, Sigurbjorn"]
[Black "Can, Emre"]
[Result "0-1"]
[ECO "B77"]
[WhiteElo "2305"]
[BlackElo "2551"]
[Annotator "TA"]
[PlyCount "82"]
[EventDate "2024.03.12"]
[EventCountry "ISL"]
[SourceTitle "playchess.com"]
[Source "ChessBase"]
[SourceQuality "1"]
[TimeControl "40/5400+30:1800+30"]

1. e4 c5 2. Nf3 Nc6 3. d4 cxd4 4. Nxd4 g6 5. Nc3 Bg7 6. Be3 Nf6 7. Bc4 O-O 8. Bb3 d6 9. f3 Qa5 10. Qd2 Nxd4 11. Bxd4 Be6 12. Bxe6 fxe6 13. h4 Rac8 14. h5 e5 (14... gxh5 15. O-O-O $11) 15. h6 (15. Bf2 $11) 15... Bxh6 $1 $17 16. Rxh6 exd4 17. Qxd4 Qg5 18. Rh1 (18. Qd2 $2 Qg3+ 19. Kf1 Ng4) 18... Qxg2 19. O-O-O Qxf3 20. Rdf1 (20. e5 $17 {might work better.} dxe5 21. Qxe5) 20... Qg4 21. Rhg1 Qd7 22. Qxa7 Rc5 23. Qb6 Re5 24. Qe3 (24. Rf5 $17) 24... Rf7 25. Qf4 (25. Rd1 {was worth a try.}) 25... Qe6 26. Qh4 Kg7 ({Weaker is} 26... Nxe4 27. Rxf7 Qxf7 (27... Nf6 $2 28. Rxf6 Qxf6 29. Qh6 $18) 28. Nxe4 Qxa2 29. Ng5 $11) 27. Re1 Rh5 28. Qf2 Qe5 {[%emt 0:01:23][%cal Of6e4] ...Nxe4! is the strong threat.} 29. Qb6 e6 30. Rd1 Nxe4 31. Nxe4 Qxe4 32. Rxd6 (32. Qxd6 $142 Rd5 33. Qg3) 32... Rh2 $19 33. Qc5 {[%emt 0:01:38] [#]} (33. Qd4+ Qxd4 34. Rxd4) 33... Rxc2+ $3 34. Qxc2 Qe3+ 35. Kb1 Qxg1+ {[%emt 0:00:07][%mdl 4096] Endgame. KQR-KQR} 36. Rd1 Qg5 {[%emt 0:00:42] Black is clearly winning.} 37. Qb3 h5 38. a3 h4 39. Qc3+ Qf6 40. Qc8 {[%emt 0:00:17] Inhibits Qxc3.} e5 {[%emt 0:01:50] [#] Threatens to win with ...Qf5+.} 41. Ka1 e4 {[%emt 0:32:40] White got outplayed after the opening.   Weighted Error Value: White=0.43/Black=0.11 (very precise) .  Mistake:       	White=7     	---        Inaccurate:     	---       	Black=1      OK:         	White=10    	Black=12     Best:        	White=1     	---        Strong:       	---       	Black=1      Brilliant:      	---       	Black=1} 0-1

[Event "Reykjavik Open 2024"]
[Site "Reykjavik"]
[Date "2024.03.16"]
[Round "3.32"]
[White "Xu, Yuanyuan"]
[Black "Adhiban, B.."]
[Result "0-1"]
[ECO "D31"]
[WhiteElo "2288"]
[BlackElo "2541"]
[Annotator "RC"]
[PlyCount "70"]
[EventDate "2024.03.12"]
[EventCountry "ISL"]
[SourceTitle "playchess.com"]
[Source "ChessBase"]
[SourceQuality "1"]
[TimeControl "40/5400+30:1800+30"]

1. d4 d5 2. c4 e6 3. Nc3 c6 4. cxd5 exd5 5. Bf4 Bd6 6. Bxd6 Qxd6 7. e3 Bf5 8. g4 Be6 9. Bd3 Nd7 10. f4 f6 11. f5 Bf7 12. Nge2 Ne7 13. Qc2 O-O 14. Nf4 c5 15. O-O a6 16. Qg2 Nc6 17. Nce2 Rfe8 18. Rf3 Nb4 19. Bb1 cxd4 20. exd4 Rac8 21. Nc3 Re1+ 22. Rf1 Qxf4 23. Rxe1 Qxd4+ 24. Kh1 Ne5 25. h3 h5 26. Rd1 Qe3 27. a3 hxg4 28. hxg4 Rc4 29. Be4 Nbc6 30. Bxd5 Rxg4 31. Bxf7+ Kxf7 32. Qd5+ Kf8 33. Rd2 Nf3 34. Qd6+ Kg8 35. Qd5+ Kh7 0-1